 Dungeon Crawl Stone Soup version 0.17-a0-1545-gc1bb672 (webtiles) character file.

83 Lathuz the Cudgeler (level 4, -2/28 HPs)
             Began as a Gargoyle Fighter on July 18, 2015.
             Slain by Purgy (3 damage)
             ... on level 2 of the Dungeon.
             The game lasted 00:03:59 (1716 turns).

Lathuz the Cudgeler (Gargoyle Fighter)              Turns: 1716, Time: 00:03:59

Health: -2/28      AC: 10    Str: 20    XL:     4   Next: 44%
Magic:  4/4        EV:  7    Int:  8    God:
Gold:   122        SH:  9    Dex: 10    Spells: 0 memorised, 3 levels left

rFire  . . .     SeeInvis .     a - +1 flail
rCold  . . .     Clarity  .     b - +0 scale mail
rNeg   + . .     SustAt   .     c - +0 shield
rPois  ∞         Gourm    .     (no helmet)
rElec  +         Spirit   .     (no cloak)
rCorr  .         Warding  .     (no gloves)
rMut   .         Stasis   .     (no boots)
MR     .....                    (no amulet)
Stlth  ..........               (no ring)
                                (no ring)

@: not resistant to hostile enchantments, extremely unstealthy
A: negative energy resistance 1, electricity resistance, unbreathing,
petrification resistance, rot immunity, AC +3
a: no special abilities


You were on level 2 of the Dungeon.
You were not hungry.

You visited 1 branch of the dungeon, and saw 3 of its levels.

You collected 122 gold pieces.

Inventory:

Hand weapons
 a - a +1 flail (weapon)
Missiles
 m - 95 stones (quivered)
Armour
 b - a +0 scale mail (worn)
 c - a +0 shield (worn)
Scrolls
 f - a scroll of enchant weapon
 g - a scroll of magic mapping
 i - 4 scrolls of identify
Potions
 d - a potion of might
 h - a potion of flight {unknown}
 o - 2 potions of curing {unknown}
Comestibles
 e - 3 bread rations
 l - a meat ration


   Skills:
 - Level 3.2 Fighting
 + Level 4.5 Maces & Flails
 - Level 3.2 Armour
 - Level 3.2 Shields


You had 3 spell levels left.
You didn't know any spells.

Dungeon Overview and Level Annotations

Branches:
Dungeon (3/15)

Altars:

Annotations:
D:2 Purgy


Innate Abilities, Weirdness & Mutations

You are resistant to torment.
Your stone body is resilient (AC +3).
You are immune to poison.
You resist negative energy.
You are resistant to electric shocks.
You can survive without breathing.
You are immune to petrification.
You are immune to rotting.


Message History

Your shield and scale mail prevent you from hitting Purgy.
Purgy is moderately wounded.
Purgy bites you.
* * * LOW HITPOINT WARNING * * *
You block Purgy's attack. Purgy barely misses you.
You closely miss Purgy.
Purgy is moderately wounded.
Purgy bites you.
* * * LOW HITPOINT WARNING * * *
Purgy claws you but does no damage. x2
You hit Purgy.
Purgy is moderately wounded.
Purgy bites you.
* * * LOW HITPOINT WARNING * * *
Purgy claws you but does no damage. You block Purgy's attack.
You sock Purgy!
Purgy is heavily wounded.
Purgy bites you but does no damage. Purgy closely misses you.
Purgy claws you but does no damage. Purgy closely misses you. Purgy claws you.
You die...

.....##.#
###÷######.........##
.....##.#
#......[.#.........##
.....##.#
#........#.........##
.....##.###
#........############
####......#
#........########....
#......#
#..................##
#.....<#
#..................##
#......#
#..................#
#......#
#..T@.............<#
#......#
#########..........#
#......# #######'#.###
#......# #.#.... #......#
###############.#####
#......# #............##.#
####÷#####............##.#
#...[........†........##.#
#.....................##.#


You could see Purgy.

Vanquished Creatures
  4 adders (D:2)
  2 oozes (D:1)
  A worm (D:2)
  A giant gecko (D:2)
  5 bats
  4 goblins
  5 hobgoblins
  6 giant cockroaches
  7 giant newts
  3 kobolds
38 creatures vanquished.

Notes
Turn   | Place    | Note
--------------------------------------------------------------
     0 | D:1      | Lathuz the Gargoyle Fighter began the quest for the Orb.
     0 | D:1      | Reached XP level 1. HP: 14/14 MP: 1/1
    57 | D:1      | Reached XP level 2. HP: 17/19 MP: 2/2
   505 | D:1      | Reached XP level 3. HP: 23/23 MP: 3/3
   926 | D:2      | Reached skill level 4 in Maces & Flails
   972 | D:2      | Reached XP level 4. HP: 26/28 MP: 4/4
  1684 | D:3      | Noticed Purgy
  1715 | D:2      | HP: 1/28 [Purgy (1)]
  1716 | D:2      | Slain by Purgy

Vault maps used:
D:1:      dpeg_arrival_windows_large_door
D:3:      ecumenical_altar_2, minmay_crystal_water, uniq_purgy

Action                   |  1- 3 |  4- 6 || total
-------------------------+-------+-------++-------
Melee: Flail             |    89 |    81 ||   170
Throw: Stone             |     8 |     2 ||    10
  Use: Scroll            |       |     5 ||     5
  Eat: Chunk             |       |     3 ||     3
